 Dungeon Crawl Stone Soup version 0.30.0-5-g1a98f26d00 (webtiles) character file.

Game seed: 16864692739978272778

91 browni3141 the Trooper (level 4, -1/50 HPs)
             Began as an Ogre Delver on May 10, 2023.
             Killed from afar by a white imp (9 damage)
             ... with a puff of frost
             ... on level 5 of the Dungeon.
             The game lasted 00:04:04 (748 turns).

browni3141 the Trooper (Ogre Delver)                 Turns: 748, Time: 00:04:04

Health: -1/50      AC:  3    Str: 18    XL:     4   Next: 59%
Magic:  4/4        EV:  9    Int: 11    God:
Gold:   16         SH:  0    Dex: 10    Spells: 3/3 levels left

rFire   . . .        a - +0 mace
rCold   . . .        (no shield)
rNeg    . . .        b - +0 robe
rPois   .            (helmet restricted)
rElec   .            (no cloak)
rCorr   .            (gloves unavailable)
SInv    .            (boots unavailable)
Will    .....        (no amulet)
Stlth   ++           (no ring)
HPRegen 0.28/turn    (no ring)
MPRegen 0.09/turn

%: no passive effects
@: no status effects
A: large, unfitting armour, tough skin 1
a: no special abilities


You were on level 5 of the Dungeon.
You visited 1 branch of the dungeon, and saw 2 of its levels.
You also visited: Ossuary.

You collected 16 gold pieces.

Inventory:

Hand Weapons
 a - a +0 mace (weapon)
Armour
 b - a +0 robe (worn)
Wands
 g - a wand of digging (3)
Scrolls
 d - a scroll of magic mapping
 F - a scroll of fog
 H - a scroll of teleportation {unknown}
Potions
 G - a potion of lignification {unknown}


   Skills:
 + Level 5.1 Fighting
 * Level 3.6 Maces & Flails
 - Level 1.7 Dodging
 - Level 3.7 Stealth


You had 3 spell levels left.
You didn't know any spells.
Your spell library was empty.

Dungeon Overview and Level Annotations

Branches:
Dungeon (5/15)             Temple (0/1) D:5         Ossuary (visited)

Altars:

Shops:
D:4 :


Innate Abilities, Weirdness & Mutations

You are too large for most types of armour.
You have tough skin. (AC +1)


Message History

The gnoll skeleton is heavily damaged.
The gnoll skeleton hits you but does no damage.
You hit the gnoll skeleton.
The gnoll skeleton is almost destroyed.
The gnoll skeleton hits you but does no damage.
You completely miss the gnoll skeleton.
The gnoll skeleton is almost destroyed.
The gnoll skeleton closely misses you.
You hit the gnoll skeleton.
You destroy the gnoll skeleton!
No target in view!
You open the door.
A gnoll skeleton comes into view.
There is an open door here.
The helpless gnoll skeleton fails to defend itself.
You sock the gnoll skeleton!
The gnoll skeleton is heavily damaged.
The gnoll skeleton barely misses you.
You hit the gnoll skeleton.
The gnoll skeleton is severely damaged.
The gnoll skeleton barely misses you.
You hit the gnoll skeleton.
The gnoll skeleton is severely damaged.
The gnoll skeleton closely misses you.
You hit the gnoll skeleton but do no damage.
The gnoll skeleton is severely damaged.
The gnoll skeleton hits you.
You thump the gnoll skeleton!
You destroy the gnoll skeleton!
You open the door.
A mummy comes into view.
You close the door.
There is an open door here.
You open the door.
A goblin skeleton comes into view.
A mummy comes into view.
There is an open door here.
You barely miss the goblin skeleton. The goblin skeleton hits you.
You sock the goblin skeleton!
You destroy the goblin skeleton!
There is an open door here.
You hit the mummy but do no damage. The mummy hits you.
You hit the mummy but do no damage. You hit the mummy but do no damage.
The mummy hits you!
You hit the mummy.
The mummy is moderately damaged.
The mummy closely misses you.
You completely miss the mummy.
The mummy is moderately damaged.
The mummy hits you.
You hit the mummy.
The mummy is moderately damaged.
You completely miss the mummy.
The mummy is moderately damaged.
The mummy closely misses you.
You hit the mummy but do no damage.
The mummy is moderately damaged.
The mummy hits you.
You hit the mummy.
The mummy is heavily damaged.
The mummy hits you!!
* * * LOW HITPOINT WARNING * * *
There is an open door here.
You close the door.
You start resting.
A mummy opens the door.
You close the door.
A mummy opens the door.
You close the door.
Okay, then.
Okay, then.
You don't know any spells.
Your library has no spells.
Unknown command.
Okay, then.
Okay, then.
Something unseen opens the door.
As you close the door, it creaks loudly!
You start resting.
Something unseen opens the door.
You close the door.
Something unseen breaks down the door.
You open the door. The mummy hits you.
* * * LOW HITPOINT WARNING * * *
There is an open door here.
You close the door.
A mummy opens the door.
There is a gate leading back out of this place here.
There is a collapsed entrance here.
You open the door.
There is an open door here.
(D) Dungeon (T) Temple
Where to? (? - help)
Okay, then.
Unknown command.
As you close the door, it creaks loudly!
You start resting.
A white imp is nearby!
You open the door. The white imp gestures at you. The puff of frost hits you!
You die...

.#.#.#.#.#.#.#.#.#.#.
#.#.#.#.#.#.#.#.#.#.#
##
.#.#.#.#.#.$.:.#.#.#
#.#
#.#.#.#.#...>.#.#.#
#.#
.#.#.#.#.#>$.).#.#
#.#
#.#.#.#.#.#.#.#5#.#.#
.#.#.#.#.#..5....#.#
#.#.#.#.#..##'##..#
.#.#.#.#.#.#...#@#
#.#.#####+.+...'.#
.#.# ..#...#.# . .
..#####.# .... ...
..# .... ..# +#....
..# ...... ...#
...... .#


You could see a white imp.

Vanquished Creatures
  2 hounds (D:4)
  2 river rats
  A hobgoblin (D:4)
  3 quokkas (D:5)
  2 gnoll skeletons (Ossuary)
  A goblin skeleton (Ossuary)
  4 rats (D:5)
15 creatures vanquished.

Notes
Turn   | Place    | Note
-------+----------+-------------------------------------------
     0 | D:5      | browni3141 the Ogre Delver began the quest for the Orb.
     0 | D:5      | Reached XP level 1. HP: 24/24 MP: 1/1
    14 | D:4      | Noticed a hound
    15 | D:4      | Found Alukemn's Book Boutique.
    37 | D:4      | Killed a hound
    38 | D:4      | Reached XP level 2. HP: 7/33 MP: 2/2
    38 | D:4      | Reached XP level 3. HP: 9/40 MP: 3/3
   227 | D:5      | Reached skill level 3 in Maces & Flails
   235 | D:5      | Noticed a gnoll sergeant
   268 | D:4      | Reached XP level 4. HP: 19/49 MP: 4/4
   387 | D:4      | Reached skill level 5 in Fighting
   558 | D:5      | Found a staircase to the Ecumenical Temple.
   563 | D:5      | Found a sand-covered staircase.
   568 | Ossuary  | Entered an ossuary
   748 | D:5      | Killed from afar by a white imp

Illustrated notes

Levels and vault maps discovered:
D:4:      layout_basic, serial_shops, shop, st_stairs_4, uniq_ijyb,
          uniq_crazy_yiuf_cottage
D:5:      lemuel_ratsnest, layout_basic, minmay_temple_entry_offerings,
          enter_ossuary_2

Skill      XL: |  1  2  3  4 |
---------------+-------------+-----
Maces & Flails | 2 3 |  3.6
Fighting       | 5 |  5.1
Dodging        | |  1.7
Stealth        | |  3.7

Action                     |  1- 3 |  4- 6 || total
---------------------------+-------+-------++-------
  Melee: Mace              |    39 |    43 ||    82
         Punch             |     2 |     1 ||     3
    Use: Potion            |     1 |       ||     1
         Scroll            |       |     1 ||     1
   Stab: Sleeping          |     2 |     1 ||     3
 Armour: Robe              |     9 |    11 ||    20
  Dodge: Dodged            |    16 |    25 ||    41
